Patriotes vs Scraper (R1)

Created - 8 février 2015 at 21:49

Goals
1 2 3 T
Patriotes 0 2 2 4
Scraper 5 1 1 7
Shots
1 2 3 T
Patriotes 10 8 8 26
Scraper 21 5 7 33

1st period

1. Scraper , Denis Shvidki 38 (Riley Armstrong, Reilly Smith) at 8:02
2. Scraper , Eric Godard 20 (Rick Schofield) at 8:36
3. Scraper , Eric Godard 21 (Rick Schofield, Daniel Winnik) at 11:35
4. Scraper , Denis Shvidki 39 (Riley Armstrong) at 11:47
5. Scraper , Rick Schofield 8 (Daniel Winnik) at 15:38

Penalties :
Mathieu Brodeur (Nyc) for Hooking (Minor) at 2:20, Eric Godard (Out) for Fighting (Major) at 15:25, A.J Thelen (Nyc) for Fighting (Major) at 15:25, Riley Armstrong (Out) for Hooking (Minor) at 19:14

2nd period

6. Scraper , Denis Shvidki 40 (Brendan Smith) at 3:02
7. Patriotes , Lauri Tukonen 15 (Brett Skinner, Christian Hanson) at 4:10
8. Patriotes , Lauri Tukonen 16 (Mathieu Brodeur) at 9:33

Penalties :
Eric Godard (Out) for Fighting (Major) at 6:11, Joe Charlebois (Nyc) for Fighting (Major) at 6:11, Eric Godard (Out) for instigated a fight (Minor) at 6:11, Eric Godard (Out) for instigated a fight (10 Minutes Misconduct) at 6:11, Ben Eager (Out) for Fighting (Major) at 12:18, Christian Hanson (Nyc) for Fighting (Major) at 12:18, Denis Shvidki (Out) for Fighting (Major) at 12:26, Ryan Wilson (Nyc) for Fighting (Major) at 12:26, Brayden Schenn (Out) for Roughing (Minor) at 13:02

3rd period

9. Patriotes , Ryan Wilson 8 (Ryan White, Joe Charlebois) at 2:10
10. Patriotes , Ryan White 3 (Andreas Nodl, A.J Thelen) at 5:02
11. Scraper , Riley Armstrong 15 (Denis Shvidki, Ben Eager) at 5:37

Penalties :
Brendan Smith (Out) for Fighting (Major) at 0:03, Tomas Kurka (Nyc) for Fighting (Major) at 0:03, Andrew Gordon (Nyc) for Hooking (Minor) at 2:54, Cameron Gaunce (Out) for Interference (Minor) at 10:50, Marcus Foligno (Out) for Interference (Minor) at 14:54

Goalie Stats

Joey MacDonald (Nyc), 8 saves from 12 shots - (0,667), 11:47 minutes
Jason Missiaen (Nyc), 18 saves from 21 shots - (0,857), L, 4-3-2, 48:13 minutes
Maxime Ouellet (Out), 22 saves from 26 shots - (0,846), W, 10-7-2, 60:00 minutes

Players Stats for Patriotes

Player Name              G  A  P  +/- PIM S  H  SB GA TA FO     MP     PP MP  PK MP  
------------------------------------------------------------------------------------
A.J Thelen               0  1  1   0  5   0  1  3  2  0  0/0    21:57   3:58   2:30 
Andreas Nodl             0  1  1  -2  0   7  3  0  2  1  0/2    22:09   5:55   1:53 
Andrew Gordon            0  0  0  -2  2   1  0  0  0  0  0/1    17:41   3:53   0:44 
Brett Skinner            0  1  1   0  0   2  2  3  0  0  0/0    24:53   5:14   2:30 
Christian Hanson         0  1  1   1  5   1  0  0  0  0  4/4    12:32   0:19   0:47 
Cory Emmerton            0  0  0  -3  0   0  4  1  0  0  2/7    16:53   3:53   0:00 
Fedor Fedorov            0  0  0  -3  0   1  2  3  1  0  0/1    17:51   3:53   1:09 
Jared Staal              0  0  0   0  0   0  0  0  0  0  0/0     0:00   0:00   0:00 
Joakim Andersson         0  0  0   0  0   0  0  0  0  0  0/0     0:00   0:00   0:00 
Joe Charlebois           0  1  1  -3  5   0  0  1  0  0  0/0    18:07   3:17   1:28 
Jordan Samuels-Thomas    0  0  0   1  0   0  1  0  0  0  0/0     8:44   0:03   0:56 
Lauri Tukonen            2  0  2   1  0   2  1  0  1  1  0/1    11:28   0:07   0:00 
Liam Reddox              0  0  0   1  0   0  1  0  0  0  0/0    10:54   0:00   0:00 
Mathieu Brodeur          0  1  1   0  2   0  0  0  0  0  0/0     5:56   0:00   0:00 
Nigel Williams           0  0  0   0  0   0  0  0  0  0  0/0     5:49   0:00   0:00 
Ryan White               1  1  2   2  0   3  0  0  0  0  1/3     8:58   0:00   0:54 
Ryan Wilson              1  0  1  -3  5   2  0  2  1  0  0/0    18:49   3:43   1:28 
Sami Vatanen             0  0  0   0  0   0  0  0  0  1  0/0     9:20   0:06   0:00 
Timothy Kunes            0  0  0   0  0   1  0  1  0  0  0/0    15:26   3:32   0:00 
Tomas Kurka              0  0  0  -3  5   5  0  1  2  0  1/3    20:12   5:55   1:00 
Zack Stortini            0  0  0   1  0   0  2  0  0  0  0/0     8:10   0:07   0:00 
Zenon Konopka            0  0  0  -3  0   1  3  1  0  2  14/37  20:06   5:40   0:33 

Players Stats for Scraper

Player Name              G  A  P  +/- PIM S  H  SB GA TA FO     MP     PP MP  PK MP  
------------------------------------------------------------------------------------
Ben Eager                0  1  1   3  5   3  2  0  1  0  1/2    18:18   2:02   2:15 
Brayden Schenn           0  0  0  -1  2   0  0  0  0  0  1/2    10:55   0:02   0:15 
Brendan Smith            0  1  1   1  5   1  2  2  1  0  0/0    23:12   1:02   5:03 
Cameron Gaunce           0  0  0   2  2   0  0  0  0  0  0/0     9:19   0:00   0:00 
Daniel Winnik            0  2  2   3  0   3  0  0  1  1  0/0    15:41   1:53   0:53 
Denis Shvidki            3  1  4   3  5   11 0  1  0  0  9/12   21:28   2:03   4:45 
Derek Joslin             0  0  0  -1  0   0  1  0  0  2  0/0    26:12   2:23   5:03 
Eric Godard              2  0  2   2  22  3  3  0  0  0  0/0    12:51   1:53   2:35 
Eric Gryba               0  0  0   2  0   0  0  1  0  1  0/0    19:18   1:35   4:52 
Eric Knodel              0  0  0   0  0   0  0  0  0  0  0/0     5:23   0:00   0:00 
Evander Kane             0  0  0   0  0   1  1  0  0  0  0/1    13:47   0:05   1:00 
Ilkka Heikkinen          0  0  0   2  0   0  0  1  0  0  0/0    19:35   1:52   4:52 
Jared Cowen              0  0  0   0  0   0  0  1  0  1  0/0    12:00   1:04   0:00 
Jerome Samson            0  0  0   0  0   0  0  0  0  0  0/0     1:20   0:00   0:00 
Joe Finley               0  0  0   0  0   0  0  0  0  0  0/0     5:23   0:00   0:00 
Marcus Foligno           0  0  0  -2  2   0  0  0  0  0  0/0     8:42   0:00   0:18 
Reilly Smith             0  1  1  -2  0   2  1  0  1  1  0/1    12:56   0:00   3:44 
Rick Schofield           1  2  3   3  0   3  1  0  0  0  10/13  14:58   1:53   0:00 
Riley Armstrong          1  2  3   3  2   5  0  0  0  1  13/24  18:34   2:03   1:20 
Riley Nash               0  0  0   0  0   0  0  0  0  0  0/0     0:00   0:00   0:00 
Roman Horak              0  0  0   0  0   0  0  0  0  0  0/0     0:58   0:00   0:39 
Ryan O'Reilly            0  0  0  -2  0   0  0  0  0  0  3/4     7:56   0:00   0:32 
Valeri Bure              0  0  0  -1  0   1  1  0  1  2  0/0    11:11   0:00   1:35 

3 Stars

1 - Denis Shvidki (Out)
2 - Rick Schofield (Out)
3 - Lauri Tukonen (Nyc)

Power Play

Patriotes - 0 on 5 Attempt(s) - 0,00%
Scraper - 0 on 2 Attempt(s) - 0,00%

Penalty Kill

Patriotes - 2 on 2 Attempt(s) - 100,00% - Score 0 goal in Penalty Kill
Scraper - 5 on 5 Attempt(s) - 100,00% - Score 0 goal in Penalty Kill

Team Stat

Patriotes - Hits : 20 - Faceoff Wins : 22 - Blocked Shots : 16 - Penalty Minutes : 29
Scraper - Hits : 12 - Faceoff Wins : 37 - Blocked Shots : 6 - Penalty Minutes : 45

Official

Referees : McCauley Wes and Sutherland Kelly
Linesman : Scott Cherrey and Lyle Seitz

Game Notes

Jason Missiaen enters game at 11:47 of 1st period
Eric Godard beats up A.J Thelen at 15:25 of 1st period
Denis Shvidki has scored a Hat Trick!
Eric Godard and Joe Charlebois fight to a draw at 6:11 of 2nd period
Ben Eager and Christian Hanson fight to a draw at 12:18 of 2nd period
Ryan Wilson beats up Denis Shvidki at 12:26 of 2nd period
Brendan Smith beats up Tomas Kurka at 0:03 of 3rd period

Finance

Level 1 -- Attendance: 1552 (77,60%) -- Ticket Income 62 080 $
Level 2 -- Attendance: 761 (76,10%) -- Ticket Income 15 220 $
Total Attendance: 2313 (77,10%)
Total Ticket Income: 77 300 $
Other Income: 3 865 $
Total Income: 81 165 $

Patriotes

5 vs 5 Forward 
   Center                   Left Wing                Right Wing               Time % Phy DF OF 
 1 Zenon Konopka            Tomas Kurka              Andreas Nodl             40     1   2  2  
 2 Cory Emmerton            Fedor Fedorov            Andrew Gordon            30     1   2  2  
 3 Christian Hanson         Liam Reddox              Lauri Tukonen            20     1   2  2  
 4 Ryan White               Jordan Samuels-Thomas    Zack Stortini            10     1   2  2  

5 vs 5 Defense 
   Defense                  Defense                                           Time % Phy DF OF 
 1 A.J Thelen               Brett Skinner                                     40     1   2  2  
 2 Ryan Wilson              Joe Charlebois                                    30     1   2  2  
 3 Timothy Kunes            Sami Vatanen                                      20     1   2  2  
 4 Nigel Williams           Mathieu Brodeur                                   10     1   2  2  

PowerPlay Forward 
   Center                   Left Wing                Right Wing               Time % Phy DF OF 
 1 Zenon Konopka            Tomas Kurka              Andreas Nodl             60     1   2  2  
 2 Cory Emmerton            Fedor Fedorov            Andrew Gordon            40     1   2  2  

PowerPlay Defense
   Defense                  Defense                                           Time % Phy DF OF 
 1 A.J Thelen               Brett Skinner                                     60     1   2  2  
 2 Ryan Wilson              Joe Charlebois                                    40     1   2  2  

Penalty Kill 4 Players Forward 
   Center                   Wing                     Time % Phy DF OF 
 1 Tomas Kurka              Andreas Nodl             60     1   2  2  
 2 Andrew Gordon            Fedor Fedorov            40     1   2  2  

Penalty Kill 4 Players Defense
   Defense                  Defense                  Time % Phy DF OF 
 1 A.J Thelen               Brett Skinner            60     1   2  2  
 2 Ryan Wilson              Joe Charlebois           40     1   2  2  

Penalty Kill - 3 Players Forward 
   Forward                                           Time % Phy DF OF 
 1 Tomas Kurka                                       60     1   2  2  
 2 Andreas Nodl                                      40     1   2  2  

Penalty Kill - 3 Players Defense
   Defense                  Defense                  Time % Phy DF OF 
 1 A.J Thelen               Brett Skinner            60     1   2  2  
 2 Ryan Wilson              Joe Charlebois           40     1   2  2  

4 vs 4 Forward 
   Center                   Wing                     Time % Phy DF OF 
 1 Tomas Kurka              Andreas Nodl             60     1   2  2  
 2 Andrew Gordon            Fedor Fedorov            40     1   2  2  

4 vs 4 Defense
   Defense                  Defense                  Time % Phy DF OF 
 1 A.J Thelen               Brett Skinner            60     1   2  2  
 2 Ryan Wilson              Joe Charlebois           40     1   2  2  

Last Minutes Offensive
   Center                   Left Wing                Right Wing               Defense                  Defense                  
   Zenon Konopka            Tomas Kurka              Andreas Nodl             A.J Thelen               Brett Skinner            

Last Minutes Defensive
   Center                   Left Wing                Right Wing               Defense                  Defense                  
   Zenon Konopka            Tomas Kurka              Andreas Nodl             A.J Thelen               Brett Skinner            

Goaltenders
Starting : Joey MacDonald           
Backup : Jason Missiaen           

Extra Forwards
Normal : Christian Hanson, Lauri Tukonen, Ryan White - PP : Christian Hanson, Lauri Tukonen - PK : Ryan White
Extra Defensemen
Normal : Timothy Kunes, Sami Vatanen, Nigel Williams - PP : Timothy Kunes - PK : Sami Vatanen, Nigel Williams
Penalty Shots
Tomas Kurka, Andreas Nodl, Andrew Gordon, Fedor Fedorov, Zenon Konopka

Scraper

5 vs 5 Forward 
   Center                   Left Wing                Right Wing               Time % Phy DF OF 
 1 Riley Armstrong          Ben Eager                Denis Shvidki            40     1   2  2  
 2 Rick Schofield           Daniel Winnik            Eric Godard              30     1   2  2  
 3 Brayden Schenn           Evander Kane             Valeri Bure              20     1   2  2  
 4 Ryan O'Reilly            Marcus Foligno           Reilly Smith             10     1   2  2  

5 vs 5 Defense 
   Defense                  Defense                                           Time % Phy DF OF 
 1 Brendan Smith            Derek Joslin                                      40     1   2  2  
 2 Ilkka Heikkinen          Eric Gryba                                        30     1   2  2  
 3 Jared Cowen              Cameron Gaunce                                    20     1   2  2  
 4 Joe Finley               Eric Knodel                                       10     1   2  2  

PowerPlay Forward 
   Center                   Left Wing                Right Wing               Time % Phy DF OF 
 1 Riley Armstrong          Ben Eager                Denis Shvidki            60     1   2  2  
 2 Rick Schofield           Daniel Winnik            Eric Godard              40     1   2  2  

PowerPlay Defense
   Defense                  Defense                                           Time % Phy DF OF 
 1 Brendan Smith            Derek Joslin                                      60     1   2  2  
 2 Ilkka Heikkinen          Eric Gryba                                        40     1   2  2  

Penalty Kill 4 Players Forward 
   Center                   Wing                     Time % Phy DF OF 
 1 Denis Shvidki            Eric Godard              60     1   2  2  
 2 Riley Armstrong          Valeri Bure              40     1   2  2  

Penalty Kill 4 Players Defense
   Defense                  Defense                  Time % Phy DF OF 
 1 Brendan Smith            Derek Joslin             60     1   2  2  
 2 Ilkka Heikkinen          Eric Gryba               40     1   2  2  

Penalty Kill - 3 Players Forward 
   Forward                                           Time % Phy DF OF 
 1 Denis Shvidki                                     60     1   2  2  
 2 Eric Godard                                       40     1   2  2  

Penalty Kill - 3 Players Defense
   Defense                  Defense                  Time % Phy DF OF 
 1 Brendan Smith            Derek Joslin             60     1   2  2  
 2 Ilkka Heikkinen          Eric Gryba               40     1   2  2  

4 vs 4 Forward 
   Center                   Wing                     Time % Phy DF OF 
 1 Denis Shvidki            Eric Godard              60     1   2  2  
 2 Riley Armstrong          Valeri Bure              40     1   2  2  

4 vs 4 Defense
   Defense                  Defense                  Time % Phy DF OF 
 1 Brendan Smith            Derek Joslin             60     1   2  2  
 2 Ilkka Heikkinen          Eric Gryba               40     1   2  2  

Last Minutes Offensive
   Center                   Left Wing                Right Wing               Defense                  Defense                  
   Riley Armstrong          Ben Eager                Denis Shvidki            Brendan Smith            Derek Joslin             

Last Minutes Defensive
   Center                   Left Wing                Right Wing               Defense                  Defense                  
   Riley Armstrong          Ben Eager                Denis Shvidki            Brendan Smith            Derek Joslin             

Goaltenders
Starting : Maxime Ouellet           
Backup : Peter Mannino            

Extra Forwards
Normal : Evander Kane, Brayden Schenn, Reilly Smith - PP : Evander Kane, Brayden Schenn - PK : Reilly Smith
Extra Defensemen
Normal : Jared Cowen, Cameron Gaunce, Joe Finley - PP : Jared Cowen - PK : Cameron Gaunce, Joe Finley
Penalty Shots
Denis Shvidki, Eric Godard, Riley Armstrong, Valeri Bure, Ben Eager

% Time on Ice - Patriotes

Lines # - Real PCT - Wanted PCT - Time Play
Normal Forward
1 - 32% - 40% - 14:39
2 - 28% - 30% - 13:05
3 - 24% - 20% - 10:54
4 - 16% - 10% - 7:29
Normal Defense
1 - 37% - 40% - 17:09
2 - 31% - 30% - 14:08
3 - 20% - 20% - 9:14
4 - 12% - 10% - 5:36
PP Forward
1 - 60% - 60% - 5:59
2 - 40% - 40% - 3:56
PP Defense
1 - 53% - 60% - 5:14
2 - 47% - 40% - 4:41
PK Forward
1 - 82% - 60% - 3:14
2 - 18% - 40% - 0:44
PK Defense
1 - 63% - 60% - 2:30
2 - 37% - 40% - 1:28
PK3 Forward
1 - 0% - 60%
2 - 0% - 40%
PK3 Defense
1 - 0% - 60%
2 - 0% - 40%
44 Forward
1 - 0% - 60%
2 - 0% - 40%
44 Defense
1 - 0% - 60%
2 - 0% - 40%
Last Minute Offensive  - 0:00
Last Minute Defensive  - 0:00
Total
Forward - 60:00
Defense - 60:00

% Time on Ice - Scraper

Lines # - Real PCT - Wanted PCT - Time Play
Normal Forward
1 - 36% - 40% - 16:40
2 - 29% - 30% - 13:24
3 - 19% - 20% - 8:39
4 - 16% - 10% - 7:24
Normal Defense
1 - 41% - 40% - 18:46
2 - 28% - 30% - 12:51
3 - 20% - 20% - 9:07
4 - 12% - 10% - 5:23
PP Forward
1 - 53% - 60% - 2:05
2 - 47% - 40% - 1:53
PP Defense
1 - 60% - 60% - 2:23
2 - 40% - 40% - 1:35
PK Forward
1 - 84% - 60% - 8:20
2 - 16% - 40% - 1:35
PK Defense
1 - 51% - 60% - 5:03
2 - 49% - 40% - 4:52
PK3 Forward
1 - 0% - 60%
2 - 0% - 40%
PK3 Defense
1 - 0% - 60%
2 - 0% - 40%
44 Forward
1 - 0% - 60%
2 - 0% - 40%
44 Defense
1 - 0% - 60%
2 - 0% - 40%
Last Minute Offensive  - 0:00
Last Minute Defensive  - 0:00
Total
Forward - 60:00
Defense - 60:00

Play by Play

1st period


0:01 of 1st period - Riley Armstrong wins face-off versus Zenon Konopka in neutral zone.
0:04 of 1st period - Wrist shot by Denis Shvidki.
0:04 of 1st period - Shot Misses the Net.
0:06 of 1st period - Slapshot by Derek Joslin.
0:06 of 1st period - Deflect By Riley Armstrong.
0:06 of 1st period - Shot Blocked by A.J Thelen.
0:06 of 1st period - Puck is out of play.
0:07 of 1st period - Denis Shvidki wins face-off versus Zenon Konopka in Patriotes zone.
0:10 of 1st period - Snap shot by Denis Shvidki.
0:10 of 1st period - Stopped by Joey MacDonald with a rebound.
0:12 of 1st period - Snap shot by Denis Shvidki.
0:12 of 1st period - Shot Blocked by Brett Skinner.
0:22 of 1st period - Snap shot by Denis Shvidki.
0:22 of 1st period - Stopped by Joey MacDonald without a rebound.
0:23 of 1st period - Rick Schofield wins face-off versus Cory Emmerton in Patriotes zone.
0:58 of 1st period - Snap shot by Valeri Bure.
0:58 of 1st period - Deflect By Evander Kane.
0:58 of 1st period - Shot Blocked by Ryan Wilson.
0:58 of 1st period - Puck is out of play.
0:59 of 1st period - Ryan O'Reilly wins face-off versus Ryan White in Patriotes zone.
1:24 of 1st period - Ben Eager is hit by Andreas Nodl and loses puck.
1:29 of 1st period - Slapshot by Zenon Konopka.
1:29 of 1st period - Shot Misses the Net.
1:47 of 1st period - Snap shot by Daniel Winnik.
1:47 of 1st period - Shot Misses the Net.
1:53 of 1st period - Jared Cowen is hit by Brett Skinner and loses puck.
2:20 of 1st period - Minor Penalty to Mathieu Brodeur for Hooking.
2:21 of 1st period - Tomas Kurka wins face-off versus Riley Armstrong in Patriotes zone.
2:34 of 1st period - Derek Joslin is hit by Andreas Nodl and loses puck.
4:20 of 1st period - Penalty to Mathieu Brodeur is over, Mathieu Brodeur is back on ice.
4:22 of 1st period - Slapshot by Andreas Nodl.
4:22 of 1st period - Shot Blocked by Ilkka Heikkinen.
4:40 of 1st period - Wrist shot by Tomas Kurka.
4:40 of 1st period - Stopped by Maxime Ouellet without a rebound.
4:41 of 1st period - Ryan O'Reilly wins face-off versus Fedor Fedorov in Scraper zone.
4:41 of 1st period - Ryan O'Reilly is hit by Fedor Fedorov.
4:51 of 1st period - Snap shot by Ryan O'Reilly.
4:51 of 1st period - Shot Blocked by Fedor Fedorov.
4:57 of 1st period - Ryan O'Reilly is hit by Cory Emmerton and loses puck.
6:11 of 1st period - Ryan O'Reilly is hit by Andreas Nodl.
6:45 of 1st period - Snap shot by Eric Godard.
6:45 of 1st period - Stopped by Joey MacDonald with a rebound.
7:06 of 1st period - Slapshot by Andreas Nodl.
7:06 of 1st period - Stopped by Maxime Ouellet with a rebound.
7:08 of 1st period - Wrist shot by Andreas Nodl.
7:08 of 1st period - Shot Misses the Net.
7:48 of 1st period - Slapshot by Christian Hanson.
7:48 of 1st period - Stopped by Maxime Ouellet with a rebound.
8:02 of 1st period - Wrist shot by Denis Shvidki.
8:02 of 1st period - Goal by Denis Shvidki - Patriotes : 0 - Scraper : 1.
8:03 of 1st period - Zenon Konopka wins face-off versus Riley Armstrong in neutral zone.
8:32 of 1st period - Slapshot by Daniel Winnik.
8:32 of 1st period - Stopped by Joey MacDonald without a rebound.
8:33 of 1st period - Rick Schofield wins face-off versus Andrew Gordon in Patriotes zone.
8:34 of 1st period - Slapshot by Eric Godard.
8:34 of 1st period - Shot Blocked by Fedor Fedorov.
8:36 of 1st period - Wrist shot by Eric Godard.
8:36 of 1st period - Goal by Eric Godard - Patriotes : 0 - Scraper : 2.
8:37 of 1st period - Zenon Konopka wins face-off versus Denis Shvidki in neutral zone.
9:20 of 1st period - Wrist shot by Fedor Fedorov.
9:20 of 1st period - Stopped by Maxime Ouellet with a rebound.
10:31 of 1st period - Snap shot by Daniel Winnik.
10:31 of 1st period - Stopped by Joey MacDonald without a rebound.
10:32 of 1st period - Riley Armstrong wins face-off versus Zenon Konopka in Patriotes zone.
10:39 of 1st period - Wrist shot by Riley Armstrong.
10:39 of 1st period - Stopped by Joey MacDonald with a rebound.
11:33 of 1st period - Snap shot by Rick Schofield.
11:33 of 1st period - Stopped by Joey MacDonald with a rebound.
11:35 of 1st period - Slapshot by Eric Godard.
11:35 of 1st period - Goal by Eric Godard - Patriotes : 0 - Scraper : 3.
11:36 of 1st period - Riley Armstrong wins face-off versus Zenon Konopka in neutral zone.
11:41 of 1st period - Slapshot by Denis Shvidki.
11:41 of 1st period - Deflect By Tomas Kurka.
11:41 of 1st period - Stopped by Joey MacDonald without a rebound.
11:42 of 1st period - Riley Armstrong wins face-off versus Zenon Konopka in Patriotes zone.
11:47 of 1st period - Snap shot by Denis Shvidki.
11:47 of 1st period - Goal by Denis Shvidki - Patriotes : 0 - Scraper : 4.
11:47 of 1st period - Jason Missiaen enters game.
11:48 of 1st period - Zenon Konopka wins face-off versus Riley Armstrong in neutral zone.
11:55 of 1st period - Snap shot by Tomas Kurka.
11:55 of 1st period - Shot Misses the Net.
11:57 of 1st period - Wrist shot by Tomas Kurka.
11:57 of 1st period - Stopped by Maxime Ouellet with a rebound.
11:59 of 1st period - Snap shot by Brett Skinner.
11:59 of 1st period - Stopped by Maxime Ouellet with a rebound.
12:01 of 1st period - Slapshot by Brett Skinner.
12:01 of 1st period - Stopped by Maxime Ouellet with a rebound.
12:03 of 1st period - Snap shot by Brett Skinner.
12:03 of 1st period - Shot Misses the Net.
12:17 of 1st period - A.J Thelen is hit by Eric Godard and loses puck.
12:24 of 1st period - Slapshot by Daniel Winnik.
12:24 of 1st period - Shot Blocked by A.J Thelen.
12:42 of 1st period - Backhand shot by Ryan O'Reilly.
12:42 of 1st period - Shot Misses the Net.
13:16 of 1st period - Snap shot by Tomas Kurka.
13:16 of 1st period - Deflect By Andreas Nodl.
13:16 of 1st period - Stopped by Maxime Ouellet without a rebound.
13:17 of 1st period - Riley Armstrong wins face-off versus Zenon Konopka in Scraper zone.
13:28 of 1st period - Snap shot by Denis Shvidki.
13:28 of 1st period - Stopped by Jason Missiaen with a rebound.
13:42 of 1st period - Snap shot by Riley Armstrong.
13:42 of 1st period - Stopped by Jason Missiaen with a rebound.
13:44 of 1st period - Slapshot by Riley Armstrong.
13:44 of 1st period - Stopped by Jason Missiaen with a rebound.
13:46 of 1st period - Slapshot by Eric Gryba.
13:46 of 1st period - Shot Blocked by Timothy Kunes.
13:48 of 1st period - Slapshot by Eric Gryba.
13:48 of 1st period - Shot Hit the Post.
14:12 of 1st period - Snap shot by Andrew Gordon.
14:12 of 1st period - Shot Blocked by Denis Shvidki.
14:24 of 1st period - Snap shot by Denis Shvidki.
14:24 of 1st period - Stopped by Jason Missiaen with a rebound.
14:26 of 1st period - Slapshot by Riley Armstrong.
14:26 of 1st period - Stopped by Jason Missiaen with a rebound.
14:28 of 1st period - Snap shot by Denis Shvidki.
14:28 of 1st period - Shot Misses the Net.
14:32 of 1st period - Snap shot by Riley Armstrong.
14:32 of 1st period - Shot Misses the Net.
14:34 of 1st period - Wrist shot by Riley Armstrong.
14:34 of 1st period - Shot Blocked by Fedor Fedorov.
14:54 of 1st period - Slapshot by Riley Armstrong.
14:54 of 1st period - Shot Blocked by Cory Emmerton.
15:02 of 1st period - Snap shot by Denis Shvidki.
15:02 of 1st period - Stopped by Jason Missiaen without a rebound.
15:03 of 1st period - Rick Schofield wins face-off versus Zenon Konopka in Patriotes zone.
15:04 of 1st period - Wrist shot by Daniel Winnik.
15:04 of 1st period - Shot Hit the Post.
15:10 of 1st period - Wrist shot by Tomas Kurka.
15:10 of 1st period - Shot Misses the Net.
15:12 of 1st period - Backhand shot by Zenon Konopka.
15:12 of 1st period - Shot Blocked by Brendan Smith.
15:14 of 1st period - Snap shot by Andreas Nodl.
15:14 of 1st period - Stopped by Maxime Ouellet without a rebound.
15:15 of 1st period - Rick Schofield wins face-off versus Tomas Kurka in Scraper zone.
15:25 of 1st period - Eric Godard beats up A.J Thelen.
15:25 of 1st period - Penalty to Eric Godard for Fighting.
15:25 of 1st period - Penalty to A.J Thelen for Fighting.
15:26 of 1st period - Zenon Konopka wins face-off versus Rick Schofield in Patriotes zone.
15:36 of 1st period - Icing by Zenon Konopka.
15:37 of 1st period - Rick Schofield wins face-off versus Zenon Konopka in Patriotes zone.
15:38 of 1st period - Wrist shot by Daniel Winnik.
15:38 of 1st period - Deflect By Rick Schofield.
15:38 of 1st period - Goal by Rick Schofield - Patriotes : 0 - Scraper : 5.
15:39 of 1st period - Zenon Konopka wins face-off versus Riley Armstrong in neutral zone.
17:11 of 1st period - Snap shot by Riley Armstrong.
17:11 of 1st period - Shot Blocked by Brett Skinner.
17:13 of 1st period - Snap shot by Ben Eager.
17:13 of 1st period - Stopped by Jason Missiaen with a rebound.
17:59 of 1st period - Off-side.
18:00 of 1st period - Zenon Konopka wins face-off versus Riley Armstrong in neutral zone.
18:36 of 1st period - Wrist shot by Evander Kane.
18:36 of 1st period - Stopped by Jason Missiaen without a rebound.
18:37 of 1st period - Cory Emmerton wins face-off versus Rick Schofield in Patriotes zone.
18:50 of 1st period - Wrist shot by Andrew Gordon.
18:50 of 1st period - Shot Misses the Net.
18:52 of 1st period - Slapshot by Nigel Williams.
18:52 of 1st period - Shot Misses the Net.
18:59 of 1st period - Icing by Jared Cowen.
19:00 of 1st period - Zenon Konopka wins face-off versus Riley Armstrong in Scraper zone.
19:03 of 1st period - Snap shot by Tomas Kurka.
19:03 of 1st period - Stopped by Maxime Ouellet without a rebound.
19:04 of 1st period - Riley Armstrong wins face-off versus Zenon Konopka in Scraper zone.
19:14 of 1st period - Minor Penalty to Riley Armstrong for Hooking.
19:15 of 1st period - Denis Shvidki wins face-off versus Tomas Kurka in Scraper zone.
19:41 of 1st period - Fedor Fedorov is hit by Ben Eager and loses puck.
Goals for this period are 0 for Patriotes vs 5 for Scraper.
Shots for this period are 10 for Patriotes vs 21 for Scraper.

2nd period


0:01 of 2nd period - Denis Shvidki wins face-off versus Zenon Konopka in neutral zone.
0:06 of 2nd period - Snap shot by Denis Shvidki.
0:06 of 2nd period - Deflect By Reilly Smith.
0:06 of 2nd period - Stopped by Jason Missiaen with a rebound.
0:16 of 2nd period - Slapshot by Brendan Smith.
0:16 of 2nd period - Shot Misses the Net.
0:25 of 2nd period - Penalty to Eric Godard is over, Eric Godard is back on ice.
0:38 of 2nd period - Snap shot by Andrew Gordon.
0:38 of 2nd period - Shot Blocked by Brendan Smith.
0:58 of 2nd period - Ilkka Heikkinen is hit by Zenon Konopka and loses puck.
1:14 of 2nd period - Penalty to Riley Armstrong is over, Riley Armstrong is back on ice.
2:11 of 2nd period - Ben Eager is hit by Zack Stortini and loses puck.
2:32 of 2nd period - Snap shot by Andrew Gordon.
2:32 of 2nd period - Stopped by Maxime Ouellet with a rebound.
2:52 of 2nd period - Snap shot by Valeri Bure.
2:52 of 2nd period - Shot Misses the Net.
3:02 of 2nd period - Slapshot by Denis Shvidki.
3:02 of 2nd period - Deflect By Ryan Wilson.
3:02 of 2nd period - Goal by Denis Shvidki - Patriotes : 0 - Scraper : 6.
3:03 of 2nd period - Riley Armstrong wins face-off versus Andreas Nodl in neutral zone.
3:10 of 2nd period - Joe Charlebois is hit by Brendan Smith and loses puck.
3:18 of 2nd period - Snap shot by Ben Eager.
3:18 of 2nd period - Stopped by Jason Missiaen with a rebound.
3:28 of 2nd period - Brendan Smith is hit by Cory Emmerton and loses puck.
3:54 of 2nd period - Off-side.
3:55 of 2nd period - Christian Hanson wins face-off versus Brayden Schenn in neutral zone.
4:10 of 2nd period - Wrist shot by Lauri Tukonen.
4:10 of 2nd period - Goal by Lauri Tukonen - Patriotes : 1 - Scraper : 6.
4:11 of 2nd period - Riley Armstrong wins face-off versus Zenon Konopka in neutral zone.
5:04 of 2nd period - Christian Hanson is hit by Evander Kane and loses puck.
5:14 of 2nd period - Brett Skinner is hit by Reilly Smith and loses puck.
5:25 of 2nd period - Slapshot by A.J Thelen.
5:25 of 2nd period - Shot Hit the Post.
5:30 of 2nd period - Icing by Reilly Smith.
5:31 of 2nd period - Zenon Konopka wins face-off versus Ryan O'Reilly in Scraper zone.
5:36 of 2nd period - Wrist shot by Tomas Kurka.
5:36 of 2nd period - Shot Misses the Net.
5:38 of 2nd period - Slapshot by Andreas Nodl.
5:38 of 2nd period - Stopped by Maxime Ouellet without a rebound.
5:39 of 2nd period - Riley Armstrong wins face-off versus Zenon Konopka in Scraper zone.
6:10 of 2nd period - Slapshot by Daniel Winnik.
6:10 of 2nd period - Stopped by Jason Missiaen without a rebound.
6:11 of 2nd period - Cory Emmerton wins face-off versus Rick Schofield in Patriotes zone.
6:11 of 2nd period - Eric Godard and Joe Charlebois fight to a draw.
6:11 of 2nd period - Penalty to Eric Godard for Fighting.
6:11 of 2nd period - Penalty to Joe Charlebois for Fighting.
6:11 of 2nd period - Penalty to Eric Godard for instigated a fight.
6:11 of 2nd period - Penalty to Eric Godard for instigated a fight.
6:12 of 2nd period - Zenon Konopka wins face-off versus Denis Shvidki in Patriotes zone.
6:27 of 2nd period - Slapshot by Zenon Konopka.
6:27 of 2nd period - Shot Misses the Net.
6:42 of 2nd period - Off-side.
6:43 of 2nd period - Zenon Konopka wins face-off versus Ben Eager in neutral zone.
6:45 of 2nd period - Off-side.
6:46 of 2nd period - Zenon Konopka wins face-off versus Denis Shvidki in neutral zone.
7:27 of 2nd period - Slapshot by Tomas Kurka.
7:27 of 2nd period - Shot Misses the Net.
7:29 of 2nd period - Snap shot by Zenon Konopka.
7:29 of 2nd period - Shot Blocked by Eric Gryba.
7:31 of 2nd period - Snap shot by Andreas Nodl.
7:31 of 2nd period - Stopped by Maxime Ouellet with a rebound.
7:33 of 2nd period - Wrist shot by Tomas Kurka.
7:33 of 2nd period - Shot Misses the Net.
7:35 of 2nd period - Slapshot by Timothy Kunes.
7:35 of 2nd period - Stopped by Maxime Ouellet with a rebound.
7:37 of 2nd period - Wrist shot by Tomas Kurka.
7:37 of 2nd period - Stopped by Maxime Ouellet with a rebound.
7:39 of 2nd period - Slapshot by Timothy Kunes.
7:39 of 2nd period - Shot Misses the Net.
7:41 of 2nd period - Snap shot by Zenon Konopka.
7:41 of 2nd period - Stopped by Maxime Ouellet with a rebound.
7:43 of 2nd period - Slapshot by Timothy Kunes.
7:43 of 2nd period - Shot Misses the Net.
8:06 of 2nd period - Off-side.
8:07 of 2nd period - Denis Shvidki wins face-off versus Cory Emmerton in neutral zone.
8:11 of 2nd period - Penalty to Eric Godard is over, Jerome Samson is send on ice.
9:33 of 2nd period - Snap shot by Lauri Tukonen.
9:33 of 2nd period - Goal by Lauri Tukonen - Patriotes : 2 - Scraper : 6.
9:34 of 2nd period - Ben Eager wins face-off versus Cory Emmerton in neutral zone.
10:12 of 2nd period - Slapshot by Andreas Nodl.
10:12 of 2nd period - Shot Misses the Net.
11:01 of 2nd period - Snap shot by Denis Shvidki.
11:01 of 2nd period - Shot Misses the Net.
11:03 of 2nd period - Slapshot by Eric Gryba.
11:03 of 2nd period - Shot Blocked by Ryan Wilson.
11:05 of 2nd period - Snap shot by Denis Shvidki.
11:05 of 2nd period - Stopped by Jason Missiaen without a rebound.
11:06 of 2nd period - Rick Schofield wins face-off versus Lauri Tukonen in Patriotes zone.
11:19 of 2nd period - Slapshot by Brett Skinner.
11:19 of 2nd period - Deflect By Christian Hanson.
11:19 of 2nd period - Shot Misses the Net.
11:19 of 2nd period - Puck is out of play.
11:20 of 2nd period - Denis Shvidki wins face-off versus Zenon Konopka in Scraper zone.
12:13 of 2nd period - Icing by A.J Thelen.
12:14 of 2nd period - Christian Hanson wins face-off versus Riley Armstrong in Patriotes zone.
12:18 of 2nd period - Ben Eager and Christian Hanson fight to a draw.
12:18 of 2nd period - Penalty to Ben Eager for Fighting.
12:18 of 2nd period - Penalty to Christian Hanson for Fighting.
12:19 of 2nd period - Zenon Konopka wins face-off versus Riley Armstrong in Scraper zone.
12:26 of 2nd period - Ryan Wilson beats up Denis Shvidki.
12:26 of 2nd period - Penalty to Denis Shvidki for Fighting.
12:26 of 2nd period - Penalty to Ryan Wilson for Fighting.
12:27 of 2nd period - Riley Armstrong wins face-off versus Zenon Konopka in Scraper zone.
13:02 of 2nd period - Minor Penalty to Brayden Schenn for Roughing.
13:03 of 2nd period - Zenon Konopka wins face-off versus Reilly Smith in Scraper zone.
13:29 of 2nd period - Reilly Smith is hit by Cory Emmerton and loses puck.
13:36 of 2nd period - Wrist shot by Cory Emmerton.
13:36 of 2nd period - Shot Misses the Net.
13:38 of 2nd period - Slapshot by A.J Thelen.
13:38 of 2nd period - Shot Misses the Net.
14:48 of 2nd period - Ryan O'Reilly is hit by Zenon Konopka and loses puck.
15:02 of 2nd period - Penalty to Brayden Schenn is over, Brayden Schenn is back on ice.
15:03 of 2nd period - Snap shot by Brayden Schenn.
15:03 of 2nd period - Shot Misses the Net.
19:36 of 2nd period - Joe Charlebois is hit by Ben Eager and loses puck.
Goals for this period are 2 for Patriotes vs 1 for Scraper.
Shots for this period are 8 for Patriotes vs 5 for Scraper.

3rd period


0:01 of 3rd period - Riley Armstrong wins face-off versus Zenon Konopka in neutral zone.
0:03 of 3rd period - Brendan Smith beats up Tomas Kurka.
0:03 of 3rd period - Penalty to Brendan Smith for Fighting.
0:03 of 3rd period - Penalty to Tomas Kurka for Fighting.
0:04 of 3rd period - Denis Shvidki wins face-off versus Zenon Konopka in Patriotes zone.
1:11 of 3rd period - 10 Minutes Misconduct Penalty to Eric Godard is over.
2:06 of 3rd period - Backhand shot by Ryan White.
2:06 of 3rd period - Stopped by Maxime Ouellet with a rebound.
2:08 of 3rd period - Slapshot by Joe Charlebois.
2:08 of 3rd period - Deflect By Ryan White.
2:08 of 3rd period - Stopped by Maxime Ouellet with a rebound.
2:10 of 3rd period - Slapshot by Ryan Wilson.
2:10 of 3rd period - Goal by Ryan Wilson - Patriotes : 3 - Scraper : 6.
2:11 of 3rd period - Christian Hanson wins face-off versus Riley Armstrong in neutral zone.
2:24 of 3rd period - Slapshot by Zenon Konopka.
2:24 of 3rd period - Shot Misses the Net.
2:26 of 3rd period - Slapshot by Ryan Wilson.
2:26 of 3rd period - Deflect By Riley Armstrong.
2:26 of 3rd period - Stopped by Maxime Ouellet without a rebound.
2:27 of 3rd period - Brayden Schenn wins face-off versus Cory Emmerton in Scraper zone.
2:52 of 3rd period - Ryan Wilson is hit by Eric Godard and loses puck.
2:54 of 3rd period - Minor Penalty to Andrew Gordon for Hooking.
2:55 of 3rd period - Ryan White wins face-off versus Riley Armstrong in Patriotes zone.
4:34 of 3rd period - Eric Godard is hit by A.J Thelen and loses puck.
4:41 of 3rd period - Zenon Konopka is hit by Eric Godard and loses puck.
4:54 of 3rd period - Penalty to Andrew Gordon is over, Andrew Gordon is back on ice.
5:00 of 3rd period - Slapshot by Ryan White.
5:00 of 3rd period - Shot Blocked by Jared Cowen.
5:02 of 3rd period - Wrist shot by Ryan White.
5:02 of 3rd period - Goal by Ryan White - Patriotes : 4 - Scraper : 6.
5:03 of 3rd period - Zenon Konopka wins face-off versus Evander Kane in neutral zone.
5:06 of 3rd period - Snap shot by Andreas Nodl.
5:06 of 3rd period - Shot Misses the Net.
5:16 of 3rd period - Zenon Konopka is hit by Valeri Bure and loses puck.
5:37 of 3rd period - Slapshot by Riley Armstrong.
5:37 of 3rd period - Goal by Riley Armstrong - Patriotes : 4 - Scraper : 7.
5:38 of 3rd period - Denis Shvidki wins face-off versus Zenon Konopka in neutral zone.
5:41 of 3rd period - Snap shot by Ben Eager.
5:41 of 3rd period - Stopped by Jason Missiaen with a rebound.
5:43 of 3rd period - Wrist shot by Riley Armstrong.
5:43 of 3rd period - Shot Blocked by Tomas Kurka.
5:45 of 3rd period - Slapshot by Derek Joslin.
5:45 of 3rd period - Shot Blocked by Brett Skinner.
5:47 of 3rd period - Snap shot by Riley Armstrong.
5:47 of 3rd period - Shot Blocked by A.J Thelen.
5:49 of 3rd period - Snap shot by Brendan Smith.
5:49 of 3rd period - Stopped by Jason Missiaen without a rebound.
5:50 of 3rd period - Riley Armstrong wins face-off versus Zenon Konopka in Patriotes zone.
6:03 of 3rd period - Snap shot by Denis Shvidki.
6:03 of 3rd period - Shot Blocked by Zenon Konopka.
6:35 of 3rd period - Brayden Schenn is hit by Liam Reddox and loses puck.
7:44 of 3rd period - Rick Schofield is hit by Cory Emmerton and loses puck.
8:07 of 3rd period - Eric Gryba is hit by Lauri Tukonen and loses puck.
8:17 of 3rd period - Icing by Joe Charlebois.
8:18 of 3rd period - Christian Hanson wins face-off versus Riley Armstrong in Patriotes zone.
8:45 of 3rd period - Wrist shot by Eric Godard.
8:45 of 3rd period - Shot Blocked by Joe Charlebois.
8:47 of 3rd period - Slapshot by Rick Schofield.
8:47 of 3rd period - Stopped by Jason Missiaen without a rebound.
8:48 of 3rd period - Rick Schofield wins face-off versus Cory Emmerton in Patriotes zone.
8:55 of 3rd period - Snap shot by Cory Emmerton.
8:55 of 3rd period - Deflect By Fedor Fedorov.
8:55 of 3rd period - Shot Misses the Net.
8:55 of 3rd period - Puck is out of play.
8:56 of 3rd period - Rick Schofield wins face-off versus Zenon Konopka in Scraper zone.
9:36 of 3rd period - Derek Joslin is hit by Fedor Fedorov and loses puck.
10:13 of 3rd period - Eric Gryba is hit by Zack Stortini and loses puck.
10:28 of 3rd period - Rick Schofield is hit by Zenon Konopka and loses puck.
10:32 of 3rd period - Icing by Eric Gryba.
10:33 of 3rd period - Rick Schofield wins face-off versus Andreas Nodl in Scraper zone.
10:40 of 3rd period - Slapshot by Tomas Kurka.
10:40 of 3rd period - Stopped by Maxime Ouellet with a rebound.
10:42 of 3rd period - Slapshot by Andreas Nodl.
10:42 of 3rd period - Stopped by Maxime Ouellet with a rebound.
10:46 of 3rd period - Slapshot by Andreas Nodl.
10:46 of 3rd period - Stopped by Maxime Ouellet without a rebound.
10:47 of 3rd period - Riley Armstrong wins face-off versus Zenon Konopka in Scraper zone.
10:47 of 3rd period - Riley Armstrong is hit by Brett Skinner.
10:50 of 3rd period - Minor Penalty to Cameron Gaunce for Interference.
10:51 of 3rd period - Denis Shvidki wins face-off versus Zenon Konopka in Scraper zone.
11:03 of 3rd period - Wrist shot by Denis Shvidki.
11:03 of 3rd period - Stopped by Jason Missiaen with a rebound.
11:26 of 3rd period - Snap shot by A.J Thelen.
11:26 of 3rd period - Shot Misses the Net.
12:50 of 3rd period - Penalty to Cameron Gaunce is over, Cameron Gaunce is back on ice.
13:17 of 3rd period - Off-side.
13:18 of 3rd period - Ryan O'Reilly wins face-off versus Ryan White in neutral zone.
13:28 of 3rd period - Snap shot by Reilly Smith.
13:28 of 3rd period - Stopped by Jason Missiaen without a rebound.
13:29 of 3rd period - Rick Schofield wins face-off versus Zenon Konopka in Patriotes zone.
13:43 of 3rd period - Brett Skinner is hit by Brendan Smith and loses puck.
14:15 of 3rd period - Christian Hanson is hit by Derek Joslin and loses puck.
14:20 of 3rd period - Wrist shot by Valeri Bure.
14:20 of 3rd period - Stopped by Jason Missiaen with a rebound.
14:34 of 3rd period - Eric Gryba is hit by Jordan Samuels-Thomas and loses puck.
14:54 of 3rd period - Minor Penalty to Marcus Foligno for Interference.
14:55 of 3rd period - Denis Shvidki wins face-off versus Zenon Konopka in Scraper zone.
16:54 of 3rd period - Penalty to Marcus Foligno is over, Marcus Foligno is back on ice.
17:49 of 3rd period - Slapshot by Evander Kane.
17:49 of 3rd period - Shot Misses the Net.
19:18 of 3rd period - Mathieu Brodeur is hit by Rick Schofield and loses puck.
Goals for this period are 2 for Patriotes vs 1 for Scraper.
Shots for this period are 8 for Patriotes vs 7 for Scraper.


Output by the SimonT Hockey Simulator (STHS) for François Prévost -- Original Page W3C XHTML 1.0 Valid
Hockey Simulator - Hockey Simulation - Hockey Manager